 Dungeon Crawl Stone Soup version 0.30-a0-305-g026cb31310 (webtiles) character file.

Game seed: 17552811279167753566

83730 sleeves the Unseen (level 15, -1/103 HPs)
             Began as an Octopode Hexslinger on Oct 21, 2022.
             Was an Initiate of Gozag.
             Killed from afar by Jorgrun (52 damage)
             ... with an iron shot
             ... on level 1 of the Orcish Mines.
             The game lasted 01:09:52 (31802 turns).

sleeves the Unseen (Octopode Hexslinger)           Turns: 31802, Time: 01:09:53

Health: -1/103     AC:  9    Str: 13    XL:     15   Next: 78%
Magic:  20/22      EV: 20    Int: 11    God:    Gozag
Gold:   6863       SH: 19    Dex: 19    Spells: 0/24 levels left

rFire   . . .      SeeInvis +    a - +7 short sword "Beetle's Demise" {vorpal, +Blink Str+3 Int-5}
rCold   . . .      Faith    .    V - +0 kite shield
rNeg    + . .      Spirit   .    d - +0 hat {Stlth+}
rPois   +          Reflect  +    S - amulet of reflection
rElec   .          Harm     .    h - ring of flight
rCorr   .          Rampage  .    x - +4 ring of protection
Will    +....                    w - +4 ring of evasion
Stlth   ++++++++..               A - +4 ring of protection
HPRegen 0.37/turn                H - ring of see invisible
MPRegen 0.18/turn                Q - ring of positive energy
                                 t - ring of poison resistance
                                 X - ring of wizardry

@: grasped by roots, flying, constricted
A: almost no armour, amphibious, 8 rings, camouflage 1, gelatinous body 1,
(nimble swimmer 1), tentacles
a: Renounce Religion, Evoke Blink, Potion Petition, Call Merchant, Bribe Branch


You were on level 1 of the Orcish Mines.
You worshipped Gozag.
Gozag was greatly pleased with you.
You visited 5 branches of the dungeon, and saw 23 of its levels.
You also visited: Ossuary, Bailey and Gauntlet.

You collected 7347 gold pieces.
You spent 404 gold pieces at shops.
You paid 80 gold pieces to Gozag.

Inventory:

Hand Weapons
 a - the +7 short sword "Beetle's Demise" (weapon) {vorpal, +Blink Str+3 Int-5}
   (You found it on level 5 of the Lair of Beasts)

   It inflicts extra damage upon your enemies.
   Str:       It affects your strength (+3).
   Int:       It affects your intelligence (-5).
   +Blink:    It lets you blink.
 v - a +0 short sword of protection
   (You found it on level 5 of the Dungeon)
 L - a +2 dagger of venom
   (You took it off Sonja on level 11 of the Dungeon)
 O - a +2 scimitar of draining
   (You took it off Maggie on level 7 of the Dungeon)
Missiles
 J - 6 curare-tipped darts
Armour
 d - a +0 hat of stealth (worn)
   (You acquired it on level 10 of the Dungeon)
 V - a +0 kite shield (worn)
   (You found it on level 12 of the Dungeon)
Jewellery
 h - a ring of flight (left tentacle)
   (You found it on level 1 of the Dungeon)
 t - a ring of poison resistance (on tentacle)
   (You found it on level 10 of the Dungeon)
 w - a +4 ring of evasion (on tentacle)
   (You found it on level 5 of the Dungeon)
 x - a +4 ring of protection (right tentacle)
   (You found it on level 5 of the Dungeon)
 A - a +4 ring of protection (on tentacle)
   (You found it on level 6 of the Dungeon)
 H - a ring of see invisible (on tentacle)
   (You found it on level 6 of the Dungeon)
 Q - a ring of positive energy (on tentacle)
   (You took it off an orc warrior on level 8 of the Dungeon)
 R - an amulet of regeneration
   (You found it on level 9 of the Dungeon)
 S - an amulet of reflection (around mantle)
   (You found it on level 9 of the Dungeon)
 X - a ring of wizardry (on tentacle)
   (You found it on level 14 of the Dungeon)
Wands
 u - a wand of polymorph (6)
   (You took it off Sonja on level 11 of the Dungeon)
 y - a wand of roots (34)
   (You found it on level 5 of the Dungeon)
 G - a wand of digging (15)
   (You found it in an ossuary)
 T - a wand of flame (9)
   (You found it on level 11 of the Dungeon)
 U - a wand of acid (8)
   (You found it on level 12 of the Dungeon)
Scrolls
 i - a scroll of magic mapping
 j - 7 scrolls of poison
 n - 6 scrolls of vulnerability
 p - 7 scrolls of teleportation
 q - 2 scrolls of fear
 r - 4 scrolls of enchant weapon
 z - 3 scrolls of immolation
 B - a scroll of fog
 C - 4 scrolls of blinking
 D - 3 scrolls of amnesia
 I - 2 scrolls of enchant armour {unknown}
 K - a scroll of silence {unknown}
 W - 3 scrolls of identify
 Y - a scroll of brand weapon
Potions
 b - a potion of lignification {unknown}
 c - 5 potions of curing
 e - a potion of cancellation {unknown}
 f - 7 potions of might
 g - 6 potions of flight
 k - a potion of berserk rage {unknown}
 l - 6 potions of mutation
 m - 4 potions of brilliance {unknown}
 o - 4 potions of resistance
 s - 2 potions of ambrosia
 E - 5 potions of haste
 F - a potion of invisibility
 N - 5 potions of heal wounds {unknown}
 P - 4 potions of attraction
 Z - a potion of magic {unknown}


   Skills:
 - Level 10.0 Fighting
 - Level 8.1 Short Blades
 - Level 2.0 Ranged Weapons
 - Level 10.0 Dodging
 - Level 16.0 Stealth
 + Level 13.7 Shields
 - Level 5.0 Spellcasting
 + Level 14.0 Hexes


You couldn't memorise any spells.
You knew the following spells:

 Your Spells              Type           Power      Damage    Failure   Level
a - Slow                  Hex            100%       N/A       1%          1
b - Enfeeble              Hex            16%        N/A       38%         7
c - Cause Fear            Hex            16%        N/A       1%          4
d - Confusing Touch       Hex            33%        N/A       1%          3
e - Anguish               Hex/Necr       9%         N/A       9%          4
f - Summon Mana Viper     Hex/Summ       18%        N/A       24%         5

Your spell library contained the following spells:

 Spells                   Type           Power      Damage    Failure   Level
 Inner Flame              Hex/Fire       18%        N/A       2%          3
 Portal Projectile        Hex/Tloc       36%        N/A       2%          3
 Foxfire                  Conj/Fire      8%         2x1d4     16%         1
 Freeze                   Ice            8%         1d3       16%         1
 Kiss of Death            Conj/Necr      8%         2d6       16%         1
 Cigotuvi's Dreadful Rot  Necr/Pois/Air  4%         N/A       24%         2
 Frozen Ramparts          Ice            4%         1d1       41%         3
 Gell's Gravitas          Tloc           2%         N/A       41%         3
 Hailstorm                Conj/Ice       2%         3d3       41%         3
 Lesser Beckoning         Tloc           4%         N/A       41%         3
 Teleport Other           Tloc           2%         N/A       41%         3
 Vhi's Electric Charge    Tloc/Air       4%         N/A       41%         3
 Dispel Undead            Necr           2%         3d7       80%         4
 Flame Wave               Conj/Fire      2%         2d4       80%         4
 Ice Form                 Ice/Tmut       2%         N/A       80%         4
 Manifold Assault         Tloc           2%         N/A       80%         4
 Sticky Flame             Conj/Fire      2%         2d3       80%         4
 Summon Ice Beast         Ice/Summ       2%         N/A       80%         4
 Discord                  Hex            16%        N/A       96%         8
 Fireball                 Conj/Fire      1%         3d3       98%         5
 Iskenderun's Battlesphe  Conj           2%         2d6       98%         5
 Summon Forest            Summ/Tloc      1%         N/A       98%         5
 Conjure Ball Lightning   Conj/Air       1%         3x3d6     100%        6
 Death Channel            Necr           1%         N/A       100%        6
 Dispersal                Tloc           1%         N/A       100%        6
 Iron Shot                Conj/Erth      1%         9d1       100%        6
 Starburst                Conj/Fire      1%         6d3       100%        6
 Summon Cactus Giant      Summ           1%         N/A       100%        6
 Orb of Destruction       Conj           1%         9d5       100%        7
 Spellforged Servitor     Conj/Summ      1%         N/A       100%        7
 Disjunction              Tloc           1%         N/A       100%        8


Dungeon Overview and Level Annotations

Branches:
Dungeon (15/15)            Temple (1/1) D:5            Lair (5/5) D:8
  Swamp (0/4) Lair:3        Snake (1/4) Lair:2        Slime (0/5) Lair:5
    Orc (1/2) D:9          Vaults (0/5) D:14        Ossuary (visited)
 Bailey (visited)         Gauntlet (visited)
 Depths: D:15

Altars:
Ashenzari
Cheibriados
Dithmenos
Elyvilon
Fedhas
Gozag
Hepliaklqana
Kikubaaqudgha
Makhleb
Nemelex Xobeh
Okawaru
Qazlal
Ru
Sif Muna
Trog
Uskayaw
Vehumet
Wu Jian
Xom
Yredelemnul
Zin
The Shining One

Shops:
D:5 :   D:10 ?

Portals:
Trove: D:13 (give horn of Geryon)

Annotations:
D:3 1 runed translucent door, koil's ghost, amateur SpBr
D:14 exclusion: 2 ice statues
D:15 36 runed doors, Kirke; Rupert
Lair:2 2 transporters
Orc:1 Jorgrun


Innate Abilities, Weirdness & Mutations

You cannot wear most types of armour.
You are amphibious.
You can wear up to eight rings at the same time.
Your skin changes colour to match your surroundings (Stealth+).
Your rubbery body absorbs attacks. (AC +1, EV +1)
((You are camouflaged when in or above water. (Stealth+)))
You have tentacles for arms and can constrict up to eight enemies at once.


Message History

You kill the slime creature!
No target in view!
No target in view!
No target in view!
No target in view!
No target in view!
No target in view!
You now have 6344 gold pieces (gained 7).
You now have 6350 gold pieces (gained 6).
You now have 6354 gold pieces (gained 4).
You reach down and open the door.
There is an open door here.
You reach down and open the door.
There is an open door here.
Key pressed, stopping explore.
Found a stone staircase leading up.
A white ugly thing comes into view.
Found a scroll of amnesia.
A white ugly thing is nearby!
A white ugly thing comes into view.
Found an iridescent quarterstaff.
Casting: Confusing Touch (safe; 1% risk of failure)
Confirm with . or Enter, or press ? or * to list all spells.
Your tentacles begin to glow red.
What are your orders? t - Shout!
Orders for allies: a - Attack new target. r - Retreat! s - Stop attacking. g - Guard the area. f - Follow me.
Anything else - Cancel.
You shout for attention!
The white ugly thing gurgles horribly!
You hear a horrible gurgling sound! x2
A white ugly thing comes into view.
Your tentacles stop glowing.
The white ugly thing basks in the mutagenic energy from its kin and changes!
The white ugly thing misses you.
You hit the white ugly thing. You grab the white ugly thing.
You squeeze the white ugly thing.
The white ugly thing is lightly wounded.
You constrict the white ugly thing.
You hit the white ugly thing but do no damage.
You squeeze the white ugly thing, but do no damage.
The white ugly thing is lightly wounded.
You constrict the white ugly thing.
A white ugly thing comes into view.
You block the white ugly thing's attack.
The white ugly thing gurgles horribly!
You hit the white ugly thing.
The white ugly thing is lightly wounded.
You constrict the white ugly thing.
The white ugly thing basks in the mutagenic energy from its kin and changes!
You block the white ugly thing's attack.
You hit the white ugly thing but do no damage.
The white ugly thing is lightly wounded.
You constrict the white ugly thing.
Casting: Confusing Touch (safe; 1% risk of failure)
Confirm with . or Enter, or press ? or * to list all spells.
Your tentacles begin to glow red.
You constrict the white ugly thing.
You block the white ugly thing's attack.
You hit the white ugly thing but do no damage.
You squeeze the white ugly thing.
The white ugly thing is moderately wounded.
You constrict the white ugly thing. The white ugly thing misses you.
You completely miss the white ugly thing.
The white ugly thing is moderately wounded.
You constrict the white ugly thing. The white ugly thing pecks you.
The white ugly thing freezes you!!
You hit the white ugly thing but do no damage.
The white ugly thing is heavily wounded.
You constrict the white ugly thing. The white ugly thing pecks you!
The white ugly thing freezes you!
You are too injured to fight recklessly!
You are too injured to fight recklessly!
You release your grip on the white ugly thing.
The white ugly thing attacks as you move away!
You block the white ugly thing's attack.
There is a stone staircase leading up here.
You fly upwards.
Level annotation: exclusion: 2 ice statues
There is a stone staircase leading down here.
You start resting.
Your tentacles stop glowing.
You start resting.
Magic restored.
Unknown command.
Unknown command.
Unknown command.
There is a stone staircase leading down here.
You start resting.
HP restored.
You fly downwards.
Level annotation: exclusion: two-headed ogre, Kirke
There is a stone staircase leading up here.
Found a rapier.
A red ugly thing is nearby!
Casting: Confusing Touch (safe; 1% risk of failure)
Confirm with . or Enter, or press ? or * to list all spells.
Your tentacles begin to glow red.
The red ugly thing gurgles horribly!
Your tentacles stop glowing.
Casting: Confusing Touch (safe; 1% risk of failure)
Confirm with . or Enter, or press ? or * to list all spells.
Your tentacles begin to glow red.
You hit the red ugly thing but do no damage.
You grab the red ugly thing. You constrict the red ugly thing.
You block the red ugly thing's attack.
You hit the red ugly thing but do no damage.
The red ugly thing appears confused.
You squeeze the red ugly thing.
The red ugly thing is lightly wounded.
You constrict the red ugly thing. You puncture the red ugly thing!
You squeeze the red ugly thing, but do no damage.
The red ugly thing is moderately wounded.
You constrict the red ugly thing. The red ugly thing claws you!
You are engulfed in flames!
The red ugly thing claws itself.
You catch the helpless red ugly thing completely off-guard!
You impale the red ugly thing!!
You kill the red ugly thing!
No target in view!
No target in view!
Magic restored.
HP restored.
You now have 6361 gold pieces (gained 7).
There are monsters nearby!
There are monsters nearby!
There are monsters nearby!
Casting: Confusing Touch (safe; 1% risk of failure)
Confirm with . or Enter, or press ? or * to list all spells.
Your tentacles begin to glow red.
The red ugly thing gurgles horribly!
The white ugly thing gurgles horribly! x2
The white ugly thing basks in the mutagenic energy from its kin and changes!
Your tentacles stop glowing.
The red ugly thing basks in the mutagenic energy from its kin and changes!
The white ugly thing basks in the mutagenic energy from its kin and changes!
There is an open door here.
Casting: Confusing Touch (safe; 1% risk of failure)
Confirm with . or Enter, or press ? or * to list all spells.
Your tentacles begin to glow red.
You swing at nothing.
You swing at nothing.
You hit the white ugly thing but do no damage.
Your grab misses the white ugly thing.
The white ugly thing basks in the mutagenic energy from its kin and changes!
You closely miss the red ugly thing. You grab the red ugly thing.
You squeeze the red ugly thing!
The red ugly thing is lightly wounded.
You constrict the red ugly thing.
The red ugly thing basks in the mutagenic energy from its kin and changes!
You hit the red ugly thing but do no damage.
The red ugly thing appears confused.
You squeeze the red ugly thing!
The red ugly thing is moderately wounded.
You constrict the red ugly thing, but do no damage.
You puncture the red ugly thing!
The red ugly thing is moderately wounded.
You constrict the red ugly thing, but do no damage.
You block the red ugly thing's attack.
You strike the helpless red ugly thing from behind!
You impale the red ugly thing!!
You kill the red ugly thing!
You puncture the purple ugly thing! Your grab misses the purple ugly thing.
The purple ugly thing is lightly wounded.
Casting: Confusing Touch (safe; 1% risk of failure)
Confirm with . or Enter, or press ? or * to list all spells.
Your tentacles begin to glow red.
The purple ugly thing stings you.
You hit the purple ugly thing but do no damage.
The purple ugly thing appears confused.
You grab the purple ugly thing. You squeeze the purple ugly thing!
The purple ugly thing is moderately wounded.
You constrict the purple ugly thing.
You block the purple ugly thing's attack.
You puncture the purple ugly thing!
You squeeze the purple ugly thing, but do no damage.
The purple ugly thing is heavily wounded.
You constrict the purple ugly thing, but do no damage.
The purple ugly thing completely misses you.
You hit the purple ugly thing.
You squeeze the purple ugly thing, but do no damage.
The purple ugly thing is heavily wounded.
You constrict the purple ugly thing.
You block the purple ugly thing's attack.
You hit the purple ugly thing.
The purple ugly thing is severely wounded.
You constrict the purple ugly thing.
The red ugly thing basks in the mutagenic energy from its kin and changes!
You puncture the purple ugly thing! You squeeze the purple ugly thing.
The purple ugly thing is almost dead.
You constrict the purple ugly thing.
You kill the purple ugly thing!
Casting: Confusing Touch (safe; 1% risk of failure)
Confirm with . or Enter, or press ? or * to list all spells.
Your tentacles begin to glow red.
You block the purple ugly thing's attack.
You see here 13 gold pieces.
You hit the purple ugly thing but do no damage.
The purple ugly thing appears confused.
You grab the purple ugly thing.
You squeeze the purple ugly thing, but do no damage.
You constrict the purple ugly thing, but do no damage.
The purple ugly thing escapes!
You block the purple ugly thing's attack.
The purple ugly thing engulfs itself!!
You hit the purple ugly thing but do no damage.
Your grab misses the purple ugly thing.
The purple ugly thing is moderately wounded.
You hit the purple ugly thing. You grab the purple ugly thing.
You tentacle-slap the purple ugly thing, but do no damage.
You squeeze the purple ugly thing.
The purple ugly thing is heavily wounded.
You constrict the purple ugly thing. You puncture the purple ugly thing!
You squeeze the purple ugly thing!
The purple ugly thing is severely wounded.
You constrict the purple ugly thing. You hit the purple ugly thing.
The purple ugly thing is almost dead.
You constrict the purple ugly thing.
You catch the helpless purple ugly thing completely off-guard!
You impale the purple ugly thing!!
You kill the purple ugly thing!
You now have 6374 gold pieces (gained 13).
You now have 6380 gold pieces (gained 6).
There is an open door here.
A two-headed ogre comes into view. It is wielding two +0 giant clubs.
The two-headed ogre shouts in stereo!
A two-headed ogre comes into view.
It is wielding a +0 giant spiked club and a +0 dire flail.
There are monsters nearby!
There are monsters nearby!
Casting: Confusing Touch (safe; 1% risk of failure)
Confirm with . or Enter, or press ? or * to list all spells.
Your tentacles begin to glow red.
The two-headed ogre shouts in stereo!
Your tentacles stop glowing.
There is an open door here.
Casting: Confusing Touch (safe; 1% risk of failure)
Confirm with . or Enter, or press ? or * to list all spells.
Your tentacles begin to glow red.
There are no items here.
You hit the two-headed ogre but do no damage.
The two-headed ogre hits you with a +0 giant spiked club.
You block the two-headed ogre's attack.
You barely miss the two-headed ogre.
You hit the two-headed ogre but do no damage.
You block the two-headed ogre's attack. The two-headed ogre misses you.
You hit the two-headed ogre but do no damage.
You hit the two-headed ogre but do no damage.
You squeeze the two-headed ogre!
The two-headed ogre is lightly wounded.
You block the two-headed ogre's attack.
The two-headed ogre hits you with a +0 dire flail!
You hit the two-headed ogre but do no damage.
The two-headed ogre appears confused.
The two-headed ogre is lightly wounded.
You hit the two-headed ogre. You squeeze the two-headed ogre.
The two-headed ogre is moderately wounded.
You puncture the two-headed ogre!
Your squeeze misses the two-headed ogre.
The two-headed ogre is heavily wounded.
You block the two-headed ogre's attack. x2
You hit the two-headed ogre. You squeeze the two-headed ogre!
The two-headed ogre is severely wounded.
You hit the two-headed ogre. You squeeze the two-headed ogre!
The two-headed ogre is almost dead.
The two-headed ogre hits you with a +0 giant spiked club!!
You block the two-headed ogre's attack.
You hit the two-headed ogre. You squeeze the two-headed ogre.
You kill the two-headed ogre!
Casting: Confusing Touch (safe; 1% risk of failure)
Confirm with . or Enter, or press ? or * to list all spells.
Your tentacles begin to glow red.
The two-headed ogre hits you with a +0 giant club!!
You block the two-headed ogre's attack.
You hit the two-headed ogre but do no damage.
You hit the two-headed ogre but do no damage.
The two-headed ogre appears confused.
You squeeze the two-headed ogre.
The two-headed ogre is lightly wounded.
You block the two-headed ogre's attack. x2
The two-headed ogre hits itself with a +0 giant club! x2
You hit the two-headed ogre but do no damage.
You squeeze the two-headed ogre.
The two-headed ogre is severely wounded.
You catch the helpless two-headed ogre completely off-guard!
You spit the two-headed ogre like a pig!!!
You kill the two-headed ogre!
You now have 6416 gold pieces (gained 36).
Items here: )))).
A two-headed ogre comes into view.
It is wielding a +0 great mace and a +0 giant spiked club.
There are monsters nearby!
There are monsters nearby!
There are monsters nearby!
You reach down and close the door.
Items here: )))).
You start resting.
HP restored.
Items here: )))).
You reach down and open the door.
There is an open door here.
An ogre mage comes into view. It is wielding a +0 club.
The ogre mage shouts!
An ogre mage is nearby!
An ogre mage is nearby!
An ogre mage is nearby!
Casting: Confusing Touch (safe; 1% risk of failure)
Confirm with . or Enter, or press ? or * to list all spells.
Your tentacles begin to glow red.
A two-headed ogre comes into view.
It is wielding a +0 dire flail and a +0 giant spiked club.
The ogre mage casts a spell at you. You resist with some effort.
Your tentacles stop glowing.
There is an open door here.
You reach down and close the door.
Casting: Confusing Touch (safe; 1% risk of failure)
Confirm with . or Enter, or press ? or * to list all spells.
Your tentacles begin to glow red.
You start resting.
An ogre mage opens the door.
It is wielding a +0 club.
Items here: )))).
A two-headed ogre comes into view. It is wielding two +0 giant clubs.
The ogre mage points at you and mumbles some strange words.
You resist with some effort.
A two-headed ogre comes into view. It is wielding two +0 giant clubs.
The two-headed ogre shouts in stereo! x3
You hit the ogre mage but do no damage. You hit the ogre mage but do no damage.
The ogre mage hits you with a +0 club.
Press: ? - help, v - describe, . - travel
Here: an ogre mage, wielding a +0 club and wearing a +0 robe (chance to confuse on hit: 15%)
A broken door.
You hit the ogre mage but do no damage. You squeeze the ogre mage!
The ogre mage is moderately wounded.
You hit the ogre mage but do no damage. You tentacle-slap the ogre mage.
You squeeze the ogre mage, but do no damage.
The ogre mage is moderately wounded.
The ogre mage casts a spell at the two-headed ogre.
The two-headed ogre seems to speed up.
You hit the ogre mage but do no damage. You squeeze the ogre mage!
The ogre mage is heavily wounded.
The ogre mage drinks a potion.
The ogre mage seems to grow stronger.
You hit the ogre mage but do no damage.
The ogre mage is heavily wounded.
You hit the ogre mage but do no damage.
The ogre mage is heavily wounded.
Items here: )))).
You hit the ogre mage but do no damage.
The ogre mage is heavily wounded.
The ogre mage hits you with a +0 club.
You hit the ogre mage but do no damage.
The ogre mage is heavily wounded.
You hit the ogre mage but do no damage. You squeeze the ogre mage!
The ogre mage is severely wounded.
You block the ogre mage's attack.
You hit the ogre mage but do no damage.
The ogre mage is severely wounded.
You hit the ogre mage but do no damage.
The ogre mage is severely wounded.
You hit the ogre mage but do no damage.
The ogre mage appears confused.
The ogre mage is severely wounded.
The ogre mage misses you.
You hit the ogre mage.
The ogre mage is severely wounded.
Casting: Confusing Touch (safe; 1% risk of failure)
Confirm with . or Enter, or press ? or * to list all spells.
Your tentacles begin to glow red.
The ogre mage hits itself with a +0 club!
The ogre mage is killed!
You hit the two-headed ogre but do no damage.
You squeeze the two-headed ogre.
The two-headed ogre is lightly wounded.
The two-headed ogre completely misses you.
The two-headed ogre closely misses you.
You hit the two-headed ogre but do no damage.
The two-headed ogre is lightly wounded.
You hit the two-headed ogre but do no damage.
The two-headed ogre appears confused.
You squeeze the two-headed ogre.
The two-headed ogre is lightly wounded.
The two-headed ogre hits the two-headed ogre with a +0 giant club!!
The two-headed ogre hits the two-headed ogre with a +0 giant club!
The two-headed ogre hits itself with a +0 giant club!! x2
You strike the helpless two-headed ogre from behind!
You perforate the two-headed ogre like a sieve!!!
You kill the two-headed ogre!
Casting: Confusing Touch (safe; 1% risk of failure)
Confirm with . or Enter, or press ? or * to list all spells.
Your tentacles begin to glow red.
You block the two-headed ogre's attack. x2
You hit the two-headed ogre but do no damage.
You squeeze the two-headed ogre, but do no damage.
The two-headed ogre is severely wounded.
You hit the two-headed ogre but do no damage.
The two-headed ogre is severely wounded.
The two-headed ogre is distracted by your dazzling golden aura.
The two-headed ogre shouts in stereo!
You hit the two-headed ogre but do no damage.
The two-headed ogre is no longer distracted by gold.
The two-headed ogre is severely wounded.
The two-headed ogre misses you. You block the two-headed ogre's attack.
You hit the two-headed ogre but do no damage.
The two-headed ogre is severely wounded.
You hit the two-headed ogre but do no damage.
You squeeze the two-headed ogre!
The two-headed ogre is almost dead.
You block the two-headed ogre's attack. x2
The two-headed ogre is distracted by your dazzling golden aura.
The two-headed ogre shouts in stereo!
You hit the two-headed ogre but do no damage.
The two-headed ogre appears confused.
You squeeze the two-headed ogre.
The two-headed ogre is almost dead.
You barely miss the two-headed ogre.
The two-headed ogre is almost dead.
The two-headed ogre is no longer distracted by gold.
The two-headed ogre hits you with a +0 great mace.
You block the two-headed ogre's attack.
Casting: Confusing Touch (safe; 1% risk of failure)
Confirm with . or Enter, or press ? or * to list all spells.
Your tentacles begin to glow red.
You hit the two-headed ogre but do no damage.
The two-headed ogre is almost dead.
You hit the two-headed ogre but do no damage.
You squeeze the two-headed ogre, but do no damage.
You hit the two-headed ogre but do no damage.
You squeeze the two-headed ogre, but do no damage.
You block the two-headed ogre's attack. x2
The two-headed ogre hits something with a +0 great mace!!
The two-headed ogre barely misses something.
Casting: Confusing Touch (safe; 1% risk of failure)
Confirm with . or Enter, or press ? or * to list all spells.
Your tentacles begin to glow brighter.
The two-headed ogre is distracted by your dazzling golden aura. x2
The two-headed ogre shouts in stereo! x2
You hit the two-headed ogre but do no damage.
The two-headed ogre is no longer distracted by gold.
You hit the two-headed ogre but do no damage.
The two-headed ogre appears confused.
The two-headed ogre barely misses the two-headed ogre.
The two-headed ogre completely misses the two-headed ogre.
You hit the two-headed ogre.
The two-headed ogre is lightly wounded.
You hit the two-headed ogre.
The two-headed ogre is moderately wounded.
The two-headed ogre is no longer distracted by gold.
The two-headed ogre hits the two-headed ogre with a +0 giant club!!
The two-headed ogre is killed!
You catch the helpless two-headed ogre completely off-guard!
You impale the two-headed ogre!! You squeeze the two-headed ogre.
The two-headed ogre is almost dead.
You puncture the two-headed ogre! You squeeze the two-headed ogre.
You kill the two-headed ogre!
Items here: $ ))))) [.
Casting: Confusing Touch (safe; 1% risk of failure)
Confirm with . or Enter, or press ? or * to list all spells.
You don't know that spell.
The two-headed ogre attacks as you move away!
The two-headed ogre completely misses you.
You block the two-headed ogre's attack.
Items here: )))).
Casting: Confusing Touch (safe; 1% risk of failure)
Confirm with . or Enter, or press ? or * to list all spells.
Your tentacles begin to glow red.
The two-headed ogre is distracted by your dazzling golden aura.
The two-headed ogre shouts in stereo!
You hit the two-headed ogre but do no damage.
The two-headed ogre is no longer distracted by gold.
You squeeze the two-headed ogre.
The two-headed ogre is lightly wounded.
The two-headed ogre misses you. You block the two-headed ogre's attack.
You hit the two-headed ogre but do no damage.
You squeeze the two-headed ogre.
The two-headed ogre is lightly wounded.
You hit the two-headed ogre but do no damage.
The two-headed ogre appears confused.
You squeeze the two-headed ogre!
The two-headed ogre is moderately wounded.
You hit the two-headed ogre.
The two-headed ogre is moderately wounded.
The two-headed ogre barely misses the two-headed ogre.
The two-headed ogre hits the two-headed ogre with a +0 giant spiked club!!
You hit the two-headed ogre.
You squeeze the two-headed ogre, but do no damage.
The two-headed ogre is heavily wounded.
You catch the helpless two-headed ogre completely off-guard!
You impale the two-headed ogre!!
You kill the two-headed ogre!
The two-headed ogre barely misses you. You block the two-headed ogre's attack.
Items here: $ ))))))) [.
You closely miss the two-headed ogre.
Your squeeze misses the two-headed ogre.
The two-headed ogre is severely wounded.
The two-headed ogre is distracted by your dazzling golden aura.
The two-headed ogre shouts in stereo!
You puncture the two-headed ogre!
The two-headed ogre is no longer distracted by gold.
You squeeze the two-headed ogre, but do no damage.
The two-headed ogre is almost dead.
You puncture the two-headed ogre!
You kill the two-headed ogre!
You now have 6426 gold pieces (gained 10).
Things that are here:
a +0 giant club; a +0 giant club Magic restored.
You now have 6441 gold pieces (gained 15).
There is a broken door, spattered with blood here.
Things that are here:
a +0 great mace; a +0 giant spiked club You now have 6512 gold pieces (gained 71).
Items here: ))))))) [.
There is a broken door, spattered with blood here.
Things that are here:
a +0 great mace; a +0 giant spiked club You see here the +4 quarterstaff "Fasoes Ehiu" {flame, rElec rF- rN++ Int+3}.
D - 3 scrolls of amnesia (gained 1)
Found a strange structure made of doors.
A jumping spider comes into view.
A jumping spider is nearby!
A jumping spider is nearby!
A jumping spider is nearby!
The helpless jumping spider fails to defend itself.
You skewer the jumping spider like a kebab!!!!
You kill the jumping spider!
The jumping spider's shape twists and changes as it dies.
Your Stealth skill increases to level 16!
You now have 6518 gold pieces (gained 6).
A hog comes into view.
There is an open door here.
A hog is nearby!
A hog is nearby!
A hog is nearby!
Rupert the Wild comes into view.
He is wielding a +3 vorpal great mace.
Rupert shouts!
Rupert is nearby!
Okay, then.
Okay, then.
Unknown command.
Press: ? - help, v - describe, . - travel
Here: Rupert, wielding a +3 vorpal great mace and wearing a +0 chain mail The floor.
Okay, then.
Okay, then.
Okay, then.
Okay, then.
Okay, then.
Search for what [Enter for "trove", or ? for help]? misc Unknown command.
Unknown command.
Unknown command.
Okay, then.
Unknown command.
Rupert roars wildly at you.
You struggle to resist.
As you read the scroll of teleportation, it crumbles to dust.
You feel strangely unstable.
Your surroundings suddenly seem different.
Found a potion of might.
There is an open door here.
f - 7 potions of might (gained 1) Unknown command.
There is an open door here.
There is a stone staircase leading up here.
You fly upwards.
Level annotation: exclusion: 2 ice statues
There is a stone staircase leading down here.
(D) Dungeon (T) Temple (L) Lair (S) Swamp (P) Snake Pit (M) Slime Pits (O) Orcish Mines (V) Vaults
Where to? (Enter - D:15 @ (x,y), ? - help)
There is a stone staircase leading up here.
You fly upwards.
There is a stone staircase leading down here.
(D) Dungeon (T) Temple (L) Lair (S) Swamp (P) Snake Pit (M) Slime Pits (O) Orcish Mines (V) Vaults
Where to? (Enter - D:13, ? - help)
There is a stone staircase leading up here.
You fly upwards.
There is a stone staircase leading down here.
(D) Dungeon (T) Temple (L) Lair (S) Swamp (P) Snake Pit (M) Slime Pits (O) Orcish Mines (V) Vaults
Where to? (Enter - D:12, ? - help)
There is an open door here.
There is an open door here.
You see here 3 large rocks.
Things that are here:
a +0 ring mail; a +0 whip; a +0 flail
There is a stone staircase leading up here.
You fly upwards.
There is a stone staircase leading down here.
You see here a +0 shortbow.
Saving game... please wait.
Welcome back, sleeves the Octopode Hexslinger.
Gozag says: Greed is good.
Press ? for a list of commands and other information.
(D) Dungeon (T) Temple (L) Lair (S) Swamp (P) Snake Pit (M) Slime Pits (O) Orcish Mines (V) Vaults
Where to? (? - help)
Okay, then.
This spell is dangerous to cast!
Memorise Summon Mana Viper, consuming 5 spell levels and leaving 0?
You start memorising the spell.
You continue memorising. x5
You finish memorising.
Spell assigned to 'f'.
Okay, then.
Unknown command.
Unknown command.
Unknown command.
(D) Dungeon (T) Temple (L) Lair (S) Swamp (P) Snake Pit (M) Slime Pits (O) Orcish Mines (V) Vaults
Where to? (? - help)
What level of the Snake Pit? (default 1, ? - help)
You see here a +0 shortbow.
You see here 5 large rocks.
There is a stone staircase leading up here.
You fly upwards.
There is a stone staircase leading down here.
There is a stone staircase leading up here.
You fly upwards.
There is a stone staircase leading down here.
There is an escape hatch in the ceiling here.
A mysterious force pulls you upwards. The hatch slams shut behind you.
You see here a +0 spear.
There is a staircase to the Lair here.
You fly downwards.
Welcome back to the Lair of Beasts!
There is a staircase back to the Dungeon here.
There is a stone staircase leading down here.
You fly downwards.
Level annotation: 2 transporters
There is a stone staircase leading up here.
There is a shaft here.
There is a staircase to the Snake Pit here.
You fly downwards.
Welcome to the Snake Pit!
This branch contains the serpentine rune of Zot.
There is a staircase back to the Lair here.
You fly upwards.
Welcome back to the Lair of Beasts!
Level annotation: 2 transporters
There is a staircase to the Snake Pit here.
(D) Dungeon (T) Temple (L) Lair (S) Swamp (P) Snake Pit (M) Slime Pits (O) Orcish Mines (V) Vaults
Where to? (Enter - Snake:1, ? - help)
What level of the Orcish Mines? (default 1, ? - help)
There is a shaft here.
There is a stone staircase leading up here.
You fly upwards.
There is a stone staircase leading down here.
There is a staircase back to the Dungeon here.
You fly upwards.
Welcome back to the Dungeon!
There is a staircase to the Lair here.
Things that are here:
a +0 dagger; a +0 chain mail; a +0 war axe
There is a stone staircase leading down here.
You fly downwards.
There is a stone staircase leading up here.
There is a staircase to the Orcish Mines here.
You fly downwards.
Welcome to the Orcish Mines!
The orc shouts!
Found 196 gold pieces.
Found a stone staircase leading down.
There is a staircase back to the Dungeon here.
There are monsters nearby!
An orc wizard comes into view. It is wielding a +0 dagger.
The helpless orc fails to defend itself.
You spit the orc like a pig!!!!
You kill the orc!
The helpless orc warrior fails to defend itself.
You perforate the orc warrior like a sieve!!!!
You kill the orc warrior!
The helpless orc wizard fails to defend itself.
You skewer the orc wizard like a kebab!!!!
You kill the orc wizard!
You barely miss the orc. You grab the orc.
You constrict the orc, but do no damage.
You completely miss the orc. You constrict the orc. You block the orc's attack.
You puncture the orc!
You kill the orc!
Things that are here:
18 gold pieces; a +0 halberd of protection; a +0 chain mail The helpless orc wizard fails to defend itself.
You spit the orc wizard like a pig!!!!
You kill the orc wizard!
No target in view!
No target in view!
No target in view!
No target in view!
No target in view!
No target in view!
No target in view!
No target in view!
No target in view!
No target in view!
You now have 6523 gold pieces (gained 5).
Things that are here:
a +0 dagger; a +0 robe An orc warrior comes into view.
It is wielding a +0 halberd.
An orc warrior is nearby!
An orc warrior is nearby!
An orc warrior is nearby!
An orc wizard comes into view. It is wielding a +0 dagger.
An orc comes into view. It is wielding a +0 short sword.
Things that are here:
18 gold pieces; a +0 halberd of protection; a +0 chain mail An orc comes into view.
It is wielding a +0 dagger.
A troll comes into view.
The orc shouts! x2; The orc wizard shouts!
You hit the orc warrior but do no damage.
You grab the orc warrior.
You constrict the orc warrior, but do no damage.
You hear a shout!
The orc warrior misses you.
You puncture the orc warrior! You squeeze the orc warrior.
The orc warrior is moderately wounded.
You constrict the orc warrior, but do no damage.
You block the orc warrior's attack.
You puncture the orc warrior!
The orc warrior is severely wounded.
You constrict the orc warrior, but do no damage.
Cast which spell? (? or * to list)
Casting: Anguish (dangerous; 9% risk of failure)
Press: ? - help, Dir - look around, f - activate The troll is haunted by guilt!
The orc warrior is haunted by guilt!
The orc easily resists.
The orc is haunted by guilt!
The orc wizard is haunted by guilt!
You constrict the orc warrior, but do no damage.
The orc wizard gestures wildly while chanting.
The orc wizard flickers and vanishes for a moment.
The orc warrior misses you.
You hit the orc warrior but do no damage.
You squeeze the orc warrior!
You kill the orc warrior!
The orc wizard is distracted by your dazzling golden aura.
The troll is distracted by your dazzling golden aura.
The troll shouts!
You hit the orc wizard.
The orc wizard is no longer distracted by gold.
Your grab misses the orc wizard.
The orc wizard is moderately wounded.
You block the orc wizard's attack. You block the orc's attack.
You puncture the orc wizard! Your grab misses the orc wizard.
The orc wizard is almost dead.
You puncture the orc wizard!
You kill the orc wizard!
You block the orc's attack. The orc completely misses you.
You barely miss the orc. Your grab misses the orc. Your squeeze misses the orc.
You hit the orc. You grab the orc.
The orc is heavily wounded.
You constrict the orc, but do no damage.
The troll is no longer distracted by gold.
You block the orc's attack. The orc completely misses you.
You hit the orc.
You kill the orc!
You block the orc's attack.
You puncture the orc!
You kill the orc!
You hit the troll but do no damage. You squeeze the troll.
The troll is lightly wounded.
You puncture the troll!
You squeeze the troll, but do no damage.
The troll is moderately wounded.
The troll misses you. You block the troll's attack. x2
You hit the troll. Your squeeze misses the troll.
The troll is moderately wounded.
You block the troll's attack. The troll misses you. x2
You hit the troll. Your squeeze misses the troll.
The troll is heavily wounded.
You hit the troll.
The troll is heavily wounded.
You block the troll's attack. The troll completely misses you.
The troll claws you.
The troll is wracked by anguish.
You hit the troll.
You squeeze the troll, but do no damage.
The troll is severely wounded.
The troll misses you. You block the troll's attack. x2
You hit the troll. You squeeze the troll.
The troll is almost dead.
You puncture the troll!
You kill the troll!
No target in view!
No target in view!
No target in view!
No target in view!
No target in view!
No target in view!
No target in view!
No target in view!
An orc comes into view. It is wielding a +0 flail.
An orc warrior comes into view. It is wielding a +0 flail.
There are monsters nearby!
There are monsters nearby!
Things that are here:
5 gold pieces; a +0 dagger; a +0 leather armour An orc warrior comes into view.
It is wielding a +0 war axe.
The orc shouts!
You puncture the orc warrior! You grab the orc warrior.
The orc warrior is heavily wounded.
You constrict the orc warrior, but do no damage.
You block the orc warrior's attack.
You hit the orc warrior but do no damage.
You squeeze the orc warrior, but do no damage.
The orc warrior is heavily wounded.
You constrict the orc warrior, but do no damage.
You block the orc warrior's attack.
You hit the orc warrior. You squeeze the orc warrior.
The orc warrior is severely wounded.
You constrict the orc warrior.
Casting: Anguish (dangerous; 9% risk of failure)
Confirm with . or Enter, or press ? or * to list all spells.
Casting: Anguish (dangerous; 9% risk of failure)
Press: ? - help, Dir - look around, f - activate The orc warrior is haunted by guilt! x2; The orc is haunted by guilt!
You constrict the orc warrior, but do no damage.
An orc comes into view. It is wielding a +0 club.
You block the orc warrior's attack.
You barely miss the orc warrior.
The orc warrior is severely wounded.
You constrict the orc warrior. You block the orc warrior's attack.
You hit the orc warrior.
You kill the orc warrior!
The orc hits you with a +0 flail.
The orc is wracked by anguish.
Your Hexes skill increases to level 14!
You puncture the orc!
You kill the orc!
The orc warrior barely misses you.
Things that are here:
4 gold pieces; a +0 flail You puncture the orc warrior!
You grab the orc warrior. You squeeze the orc warrior.
The orc warrior is moderately wounded.
You constrict the orc warrior.
The orc warrior is distracted by your dazzling golden aura.
The orc warrior shouts!
You hit the orc warrior but do no damage.
The orc warrior is no longer distracted by gold.
You squeeze the orc warrior!
The orc warrior is severely wounded.
You constrict the orc warrior, but do no damage.
You block the orc warrior's attack.
You puncture the orc warrior! You squeeze the orc warrior.
You kill the orc warrior!
You block the orc's attack.
You barely miss the orc. You grab the orc. You squeeze the orc.
The orc is almost dead.
You constrict the orc.
You kill the orc!
No target in view!
No target in view!
No target in view!
No target in view!
No target in view!
No target in view!
No target in view!
No target in view!
No target in view!
No target in view!
No target in view!
No target in view!
Magic restored.
You now have 6529 gold pieces (gained 6).
Things that are here:
a +0 war axe; a +0 plate armour You now have 6536 gold pieces (gained 7).
Things that are here:
a +0 club; a +0 scale mail You now have 6540 gold pieces (gained 4).
You see here a +0 flail.
You now have 6547 gold pieces (gained 7).
Things that are here:
a +0 flail; a +0 plate armour You now have 6552 gold pieces (gained 5).
Things that are here:
a +0 flail; a +0 leather armour You now have 6560 gold pieces (gained 8).
Things that are here:
a +0 flail; a +0 chain mail You now have 6578 gold pieces (gained 18).
Things that are here:
a +0 halberd of protection; a +0 chain mail You now have 6587 gold pieces (gained 9).
Things that are here:
a +0 dagger; a +0 robe
Found an escape hatch in the floor.
You now have 6607 gold pieces (gained 20).
You now have 6613 gold pieces (gained 6).
You see here a +0 short sword.
You now have 6618 gold pieces (gained 5).
Things that are here:
a +0 dagger; a +0 leather armour You now have 6644 gold pieces (gained 26).
Things that are here:
a +0 dagger; a +0 robe You now have 6651 gold pieces (gained 7).
Things that are here:
a +0 halberd; 3 boomerangs; a +0 plate armour You see here a +0 short sword.
You now have 6665 gold pieces (gained 14).
You now have 6677 gold pieces (gained 12).
You now have 6697 gold pieces (gained 20).
You now have 6709 gold pieces (gained 12).
You now have 6738 gold pieces (gained 29).
You now have 6751 gold pieces (gained 13).
You now have 6760 gold pieces (gained 9).
You now have 6790 gold pieces (gained 30).
You now have 6802 gold pieces (gained 12).
You now have 6821 gold pieces (gained 19).
Key pressed, stopping explore.
Found a stone staircase leading down.
Things that are here:
a +0 dagger; a +0 robe
Things that are here:
a +0 halberd of protection; a +0 chain mail You now have 6845 gold pieces (gained 24).
You now have 6863 gold pieces (gained 18).
An orc priest comes into view. It is wielding a +0 falchion.
An orc priest is nearby!
An orc wizard and an orc come into view.
An orc sorcerer and an orc wizard come into view.
Found 20 gold pieces.
An orc warrior comes into view. It is wielding a +0 battleaxe.
The helpless orc priest fails to defend itself.
You spit the orc priest like a pig!!!!
You kill the orc priest!
An orc priest comes into view. It is wielding a +0 club.
Found 17 gold pieces.
The orc shouts!
You hear a shout! x2; The orc sorcerer shouts!
The orc wizard shouts!
You hear a shout! x2
An orc comes into view. It is wielding a +0 hand axe.
An orc wizard comes into view. It is wielding a +0 dagger.
An orc comes into view. It is wielding a +0 hand axe.
An orc comes into view. It is wielding a +0 club.
The orc priest shouts!
Things that are here:
6 gold pieces; a +0 falchion; a +0 leather armour The orc shouts!
You hear a shout! x2
A cyclops comes into view.
Casting: Anguish (dangerous; 9% risk of failure)
Confirm with . or Enter, or press ? or * to list all spells.
Casting: Anguish (dangerous; 9% risk of failure)
Press: ? - help, Dir - look around, f - activate The orc wizard is haunted by guilt!
The orc is haunted by guilt!
The cyclops shouts!
The cyclops resists with almost no effort.
The orc sorcerer is haunted by guilt!
The orc priest is haunted by guilt!
The orc resists with some effort.
The orc wizard is haunted by guilt! x2
The orc wizard shouts!
The orc is haunted by guilt!
You hear a shout!
The orc is distracted by your dazzling golden aura.
You hit the orc sorcerer. You grab the orc sorcerer.
You squeeze the orc sorcerer.
The orc sorcerer is moderately wounded.
You constrict the orc sorcerer, but do no damage.
You hit the orc sorcerer. You squeeze the orc sorcerer.
The orc sorcerer is severely wounded.
You constrict the orc sorcerer, but do no damage.
The orc sorcerer escapes!
The orc wizard hits you but does no damage.
The orc priest invokes the aid of Beogh against you.
Beogh smites you!
The orc priest is wracked by anguish!
You hit the orc sorcerer. You grab the orc sorcerer.
The orc sorcerer is almost dead.
You constrict the orc sorcerer, but do no damage.
The orc is no longer distracted by gold.
The orc wizard hits you but does no damage.
The orc sorcerer points at you and mumbles some strange words.
The bolt of fire misses you. You block the orc's attack.
You puncture the orc sorcerer!
You kill the orc sorcerer!
The orc priest calls down the wrath of Beogh upon you.
Beogh smites you!
The orc priest is wracked by anguish!
The orc priest dies!
The orc wizard completely misses you. The orc wizard misses you.
You closely miss the orc wizard. You grab the orc wizard.
You constrict the orc wizard, but do no damage.
You hit the orc wizard. You squeeze the orc wizard!
You kill the orc wizard!
An orc sorcerer comes into view. It is wielding a +0 dagger.
You block the orc's attack. You block the orc wizard's attack.
The orc warrior hits you with a +0 battleaxe!
The cyclops is distracted by your dazzling golden aura.
The orc is distracted by your dazzling golden aura.
The orc wizard is distracted by your dazzling golden aura.
The orc wizard shouts!
The orc shouts!
The orc warrior attacks as you move away!
You block the orc warrior's attack.
The orc wizard is no longer distracted by gold.
Some rock shatters into small pieces.
Jorgrun Earthshaker comes into view.
He is wielding a +0 vorpal quarterstaff.
The orc wizard is distracted by your dazzling golden aura.
The orc attacks as you move away! You block the orc's attack.
The orc warrior attacks as you move away!
You block the orc warrior's attack.
The orc is no longer distracted by gold.
Jorgrun points at you and mumbles some strange words.
You resist with significant effort.
The orc wizard shouts!
Jorgrun gestures at you while chanting.
Roots burst forth from the earth!
The grasping roots grab you! The grasping roots constrict you!
The roots grasp on you weakens, but your attempt to escape fails.
The orc wizard is no longer distracted by gold.
The grasping roots constrict you.
* * * LOW HITPOINT WARNING * * *
You block the orc warrior's attack. You block the orc wizard's attack.
As you read the scroll of fear, it crumbles to dust.
You assume a fearsome visage.
Jorgrun resists with some effort.
The orc wizard looks frightened!
The orc warrior looks frightened!
The orc looks frightened! x2; The orc sorcerer looks frightened!
The orc looks frightened!
The orc wizard looks frightened!
The orc looks frightened!
Jorgrun points at you and mumbles some strange words.
The iron shot hits you!!!
Ouch! That really hurt!
You die...
Your body crumbles into a pile of gold.

.. . ..#.#.........<>.).. #.
.#..#.#...............)..
.#.........#.............)...
.......#....#..........).....
.....##.g....##..............
......#.......#...........).)
.$.............#..###.#.....#
.....C$.$.o.o..#.## ####....#
.....$o$o.oo@.....# #..)..
...C......oo.....## #...#.#
......#...........## ##.####
.....#.#.#...##....# ###
........###.###...## ........
#.##...## ........ ...##.##
....#. ...###.## $ .# #...#


You could see Jorgrun, a cyclops, an orc sorcerer (fleeing), an orc warrior
(fleeing), 2 orc wizards and 4 orcs.

Vanquished Creatures
  A dire elephant (Lair:5)
  Snorg (Lair:5)
  An ettin (D:14)
  A yaktaur captain (D:14)
  5 hydras
  5 centaur warriors
  3 catoblepae
  A salamander tyrant (D:12)
  An ogre mage (D:15)
  3 boulder beetles
  13 two-headed ogres
  A deep troll shaman (Lair:5)
  7 death yaks
  2 tengu warriors (D:14)
  Sonja (D:11)
  A fire crab (D:14)
  A lindwurm (Lair:4)
  A wizard (D:15)
  2 deep elf pyromancers
  A mana viper (shapeshifter) (D:15)
  An orc sorcerer (Orc:1)
  10 ugly things (D:15)
  2 manticores
  6 cyclopes
  4 black mambas
  23 elephants
  2 gargoyles
  7 cane toads
  2 yaktaurs (D:14)
  A kobold demonologist (D:11)
  3 rime drakes
  Maggie (D:7)
  2 efreet
  A tengu conjurer (D:14)
  5 komodo dragons
  A queen bee (D:13)
  5 polar bears
  4 trolls
  4 meliai (D:14)
  11 slime creatures
  A blink frog (shapeshifter) (D:13)
  12 blink frogs
  A snapping turtle (shapeshifter) (D:14)
  A shadow (D:8)
  A jumping spider (shapeshifter) (D:15)
  A centaur simulacrum (D:14)
  A spriggan (Lair:2)
  A wyvern (Lair:1)
  A hog (D:15)
  66 yaks
  3 basilisks (Lair:3)
  4 wraiths
  2 fire bats (D:12)
  7 vampire mosquitoes (D:12)
  2 steam dragons
  3 fire elementals (D:12)
  Menkaure (D:4)
  A naga (Lair:2)
  2 acid dragons (D:8)
  14 water moccasins
  7 orc warriors
  5 black bears
  A sky beast (D:7)
  19 wolves
  15 centaurs
  11 kobold brigands
  6 bullfrogs
  2 gnoll sergeants
  4 scorpions
  8 wights (D:7)
  42 killer bees
  4 electric eels
  5 howler monkeys
  7 jellies
  2 human zombies (Ossuary)
  3 hounds
  Crazy Yiuf (D:7)
  4 orc priests
  8 orc wizards
  3 iguanas
  Natasha (twice) (D:2)
  4 mummies (Ossuary)
  Robin (D:2)
  19 gnolls
  8 adders
  2 white imps
  An ufetubus (D:6)
  An adder zombie (Ossuary)
  5 dart slugs
  32 orcs
  5 bats
  12 endoplasms
  A giant cockroach (D:1)
  A gnoll zombie (Ossuary)
  12 goblins
  9 hobgoblins
  A quokka (D:4)
  5 ball pythons
  5 frilled lizards
  A goblin zombie (Ossuary)
  2 hobgoblin zombies (Ossuary)
  A jackal zombie (Ossuary)
  26 kobolds
  A kobold zombie (Ossuary)
  An orc zombie (Ossuary)
  7 rats
  2 rat zombies (Ossuary)
596 creatures vanquished.

Vanquished Creatures (others)
  2 orc warriors (Bailey)
  A killer bee (D:14)
  An orc priest (Orc:1)
  A shadow imp (D:8)
  A bush (Lair:5)
  53 fungi
  88 plants
147 creatures vanquished.

Grand Total: 743 creatures vanquished

Notes
Turn   | Place    | Note
-------+----------+-------------------------------------------
     0 | D:1      | sleeves the Octopode Hexslinger began the quest for the
                  | Orb.
     0 | D:1      | Reached XP level 1. HP: 13/13 MP: 2/2
    81 | D:1      | Reached skill level 1 in Stealth
    96 | D:1      | HP: 3/13 [frozen (5)]
   112 | D:1      | HP: 6/13 [bat (1)]
   152 | D:1      | Reached skill level 2 in Stealth
   163 | D:1      | Reached XP level 2. HP: 18/18 MP: 3/3
   376 | D:1      | Reached skill level 3 in Stealth
   543 | D:1      | Reached XP level 3. HP: 19/23 MP: 4/4
   612 | D:1      | Reached skill level 4 in Stealth
  1243 | D:2      | Noticed Natasha
  1274 | D:2      | HP: 8/23 [something/magic dart (11)]
  1275 | D:2      | Killed Natasha
  1276 | D:2      | Reached skill level 1 in Short Blades
  1276 | D:2      | Reached XP level 4. HP: 11/28 MP: 5/5
  1368 | D:2      | Noticed Robin
  1399 | D:2      | Killed Robin
  1400 | D:2      | Reached skill level 5 in Stealth
  1424 | D:2      | Noticed Natasha
  1438 | D:2      | HP: 12/28 [Natasha/magic dart (7)]
  1584 | D:2      | Killed Natasha
  1585 | D:2      | Reached skill level 2 in Short Blades
  1585 | D:2      | Reached XP level 5. HP: 33/33 MP: 6/6
  1901 | D:3      | Found a runed translucent door.
  1904 | D:3      | Noticed koil's ghost (amateur SpBr)
  2466 | D:4      | Reached skill level 6 in Stealth
  2487 | D:4      | Found an opulent altar of Gozag.
  2487 | D:4      | Found a shimmering altar of Xom.
  2490 | D:4      | Found a shadowy altar of Dithmenos.
  2574 | D:4      | Reached skill level 3 in Short Blades
  2576 | D:4      | Reached XP level 6. HP: 21/38 MP: 7/7
  2578 | D:4      | HP: 12/38 [gnoll/+0 halberd (10)]
  2712 | D:4      | Found a burning altar of Makhleb.
  2725 | D:4      | Noticed Menkaure
  2728 | D:4      | HP: 18/38 [Menkaure (7)]
  2731 | D:4      | HP: 7/38 [??? (4)]
  2735 | D:4      | Killed Menkaure
  2736 | D:4      | Reached skill level 7 in Stealth
  2898 | D:4      | Reached skill level 4 in Short Blades
  2980 | D:4      | Reached XP level 7. HP: 41/43 MP: 8/8
  3459 | D:5      | Entered Level 5 of the Dungeon
  3460 | D:5      | Found a staircase to the Ecumenical Temple.
  3473 | Temple   | Entered the Ecumenical Temple
  3737 | D:4      | Reached skill level 8 in Stealth
  3752 | D:4      | Became a worshipper of Gozag Ym Sagoz the Greedy
  3838 | D:5      | Reached skill level 5 in Short Blades
  4121 | D:5      | Reached skill level 9 in Stealth
  4256 | D:5      | Reached XP level 8. HP: 48/48 MP: 9/9
  4258 | D:5      | Found Xucuhi Wozi's Book Boutique.
  4572 | D:6      | Reached skill level 6 in Short Blades
  4751 | D:6      | Found a sand-covered staircase.
  4760 | Ossuary  | Entered an ossuary
  4778 | Ossuary  | Reached skill level 10 in Stealth
  5578 | D:7      | Found a flagged portal.
  5636 | Bailey   | Entered a bailey
  5667 | Bailey   | Reached skill level 7 in Short Blades
  5667 | Bailey   | Reached skill level 11 in Stealth
  5702 | Bailey   | Reached XP level 9. HP: 53/53 MP: 10/10
  5735 | Bailey   | Found the +7 mace of Variability {chain chaos}
  5761 | Bailey   | Found a burning altar of Makhleb.
  5776 | Bailey   | HP: 14/53 [orc warrior/+0 war axe (13)]
  5779 | Bailey   | HP: 4/53 [orc warrior/+0 war axe (4)]
  5786 | Bailey   | Reached skill level 12 in Stealth
  5789 | Bailey   | Reached skill level 8 in Short Blades
  6198 | D:7      | Found a runed translucent door.
  6199 | D:7      | Noticed Crazy Yiuf
  6270 | D:7      | Reached skill level 13 in Stealth
  6402 | D:7      | Reached skill level 1 in Shields
  6572 | D:7      | Learned a level 7 spell: Enfeeble
  6577 | D:7      | Noticed Maggie
  6579 | D:7      | Killed Maggie
  6580 | D:7      | Reached skill level 2 in Fighting
  6758 | D:7      | Reached skill level 3 in Dodging
  6758 | D:7      | Reached skill level 2 in Shields
  6845 | D:7      | Found a radiant altar of Vehumet.
  6998 | D:7      | Killed Crazy Yiuf
  7036 | D:8      | Reached skill level 3 in Fighting
  7112 | D:8      | Reached skill level 4 in Hexes
  7112 | D:8      | Reached XP level 10. HP: 63/63 MP: 11/11
  7139 | D:8      | Found a staircase to the Lair.
  7468 | D:8      | Reached skill level 3 in Shields
  7824 | D:8      | Identified the +5 war axe of Peakluhu {vorpal, *Slow Will++
                  | rCorr}
  8005 | D:8      | Reached skill level 4 in Dodging
  8128 | D:9      | HP: 31/63 [poisoned by a gnoll]
  8133 | D:9      | HP: 24/63 [poisoned by a gnoll]
  8292 | D:9      | Noticed a deep elf pyromancer
  8507 | D:9      | Killed a deep elf pyromancer
  8524 | D:8      | Reached skill level 4 in Fighting
  8595 | D:9      | Noticed a two-headed ogre
  8635 | D:9      | Noticed a two-headed ogre
  8813 | D:9      | HP: 30/63 [shadow (6)]
  8954 | D:9      | HP: 18/63 [two-headed ogre/+0 giant club (16)]
  8960 | D:9      | HP: 14/63 [two-headed ogre/+0 giant club (6)]
  9169 | D:9      | HP: 22/63 [two-headed ogre/+0 giant club (15)]
  9169 | D:9      | HP: 6/63 [two-headed ogre/+0 giant club (16)]
  9174 | D:9      | Killed a two-headed ogre
  9175 | D:9      | Reached skill level 4 in Shields
  9175 | D:9      | Reached skill level 5 in Hexes
  9439 | D:9      | Killed a two-headed ogre
  9440 | D:9      | Reached skill level 5 in Dodging
  9489 | D:9      | Found a staircase to the Orcish Mines.
  9491 | D:9      | Found Rutzym's Armour Shop.
  9708 | D:9      | Reached skill level 5 in Fighting
  9797 | D:9      | Reached skill level 5 in Shields
  9846 | D:9      | Reached skill level 6 in Hexes
  9846 | D:9      | Reached XP level 11. HP: 49/72 MP: 10/12
 10127 | D:10     | Entered Level 10 of the Dungeon
 10210 | D:10     | Learned a level 4 spell: Cause Fear
 10353 | D:10     | Reached skill level 6 in Dodging
 10521 | D:10     | Noticed a two-headed ogre
 10546 | D:10     | Killed a two-headed ogre
 10605 | D:10     | Found Wimumuuj's Magic Scroll Boutique.
 10612 | D:10     | Bought 2 scrolls of teleportation for 90 gold pieces
 10612 | D:10     | Bought a scroll of enchant weapon for 112 gold pieces
 10612 | D:10     | Bought a scroll of magic mapping for 112 gold pieces
 10612 | D:10     | Bought a scroll of identify for 30 gold pieces
 10612 | D:10     | Bought a scroll of vulnerability for 60 gold pieces
 10621 | D:10     | Identified a scroll of acquirement
 10624 | D:10     | Acquired a +0 hat of stealth
 10716 | D:10     | Reached skill level 6 in Fighting
 11094 | D:11     | Noticed a boulder beetle
 11096 | D:11     | Reached skill level 6 in Shields
 11128 | D:10     | HP: 34/72 [boulder beetle (7)]
 11130 | D:10     | Killed a boulder beetle
 11290 | D:11     | Noticed Sonja
 11293 | D:11     | Killed Sonja
 11294 | D:11     | Reached skill level 7 in Hexes
 11311 | D:11     | Noticed a cyclops
 11314 | D:11     | Killed a cyclops
 11363 | D:11     | Noticed a two-headed ogre
 11375 | D:11     | HP: 34/74 [two-headed ogre/+0 giant club (25)]
 11385 | D:11     | Killed a two-headed ogre
 11386 | D:11     | Reached skill level 7 in Dodging
 11591 | D:11     | Noticed a cyclops
 11610 | D:11     | Killed a cyclops
 11611 | D:11     | Reached skill level 7 in Fighting
 11688 | D:11     | Reached skill level 7 in Shields
 11960 | D:11     | Noticed a cyclops
 11967 | D:11     | Killed a cyclops
 11968 | D:11     | Reached XP level 12. HP: 81/81 MP: 13/13
 11984 | D:11     | Noticed a boulder beetle
 11987 | D:11     | Noticed a centaur warrior
 12009 | D:11     | Killed a boulder beetle
 12048 | D:11     | Killed a centaur warrior
 12049 | D:11     | Reached skill level 8 in Hexes
 12602 | D:12     | Noticed a salamander tyrant
 12602 | D:12     | Noticed a two-headed ogre
 12602 | D:12     | Found the +7 great mace "Firestarter" {inner flame, rF++}
 12817 | D:12     | Killed a two-headed ogre
 12818 | D:12     | Reached skill level 8 in Dodging
 12887 | D:12     | Reached skill level 8 in Fighting
 12893 | D:12     | Killed a salamander tyrant
 12897 | D:12     | Reached skill level 8 in Shields
 12972 | D:12     | HP: 41/83 [manticore/volley of spikes (11)]
 14126 | D:12     | Reached skill level 9 in Hexes
 14391 | D:13     | Noticed a centaur warrior
 14401 | D:13     | Noticed a two-headed ogre
 14403 | D:13     | Killed a centaur warrior
 14404 | D:13     | Reached skill level 9 in Dodging
 14497 | D:13     | HP: 39/84 [efreet/bolt of fire (12)]
 14897 | D:13     | Reached skill level 9 in Fighting
 14947 | D:13     | Found a portal to a secret trove of treasure.
 14997 | D:13     | Got Veasep's Teachings on the Lungs and Blasts
 15355 | D:14     | Found a frozen archway.
 15408 | D:14     | Found a gate to the Vaults.
 15409 | D:14     | Noticed a yaktaur captain
 15409 | D:14     | HP: 26/85 [yaktaur captain/bolt (35)]
 15686 | Lair:1   | Entered Level 1 of the Lair of Beasts
 15720 | Lair:1   | Reached XP level 13. HP: 78/90 MP: 14/14
 16066 | Lair:1   | Found a gate leading to a gauntlet.
 16086 | Gauntlet | Entered a Gauntlet
 16086 | Gauntlet | Found a transporter.
 16086 | Gauntlet | Found a transporter.
 16101 | Gauntlet | Found a transporter.
 16106 | Gauntlet | Found a transporter.
 16109 | Gauntlet | Found a transporter.
 16112 | Gauntlet | Found a transporter.
 16119 | Gauntlet | Found a runed translucent door.
 16121 | Gauntlet | Found a transporter.
 16137 | Gauntlet | Found a transporter.
 16160 | Gauntlet | Found a transporter.
 16161 | Gauntlet | Found a transporter.
 16174 | Gauntlet | Found a transporter.
 16174 | Gauntlet | Found a transporter.
 16467 | Lair:1   | Reached skill level 9 in Shields
 17288 | Lair:2   | Found a transporter.
 17331 | Lair:2   | Found a transporter.
 17460 | Lair:2   | Identified the +3 leather armour of Lifelessness {rElec
                  | Str+7 Stlth+}
 17737 | Lair:2   | Found a staircase to the Snake Pit.
 17806 | Lair:2   | Reached skill level 2 in Spellcasting
 18130 | Lair:2   | Reached skill level 10 in Hexes
 18229 | Lair:2   | Learned a level 3 spell: Confusing Touch
 18561 | Lair:3   | Found a staircase to the Swamp.
 18691 | Lair:3   | Reached skill level 10 in Dodging
 18705 | Lair:3   | Reached skill level 3 in Spellcasting
 18912 | Lair:3   | HP: 45/92 [yak (4)]
 19090 | Lair:3   | HP: 46/92 [basilisk (6)]
 19339 | Lair:3   | Reached skill level 10 in Fighting
 19675 | Lair:3   | Reached skill level 10 in Shields
 20389 | Lair:4   | Reached skill level 4 in Spellcasting
 20470 | Lair:4   | Reached XP level 14. HP: 68/99 MP: 15/20
 20504 | Lair:4   | HP: 49/99 [yak (2)]
 20523 | Lair:4   | HP: 38/99 [yak (10)]
 20780 | Lair:4   | Reached skill level 11 in Hexes
 20798 | Lair:4   | Reached skill level 5 in Spellcasting
 20951 | Lair:4   | HP: 45/99 [lindwurm (6)]
 21647 | Lair:4   | Reached skill level 11 in Shields
 22324 | Lair:5   | Entered Level 5 of the Lair of Beasts
 22369 | Lair:5   | Found a staircase to the Slime Pits.
 22569 | Lair:5   | HP: 40/99 [acid (11)]
 22745 | Lair:5   | Noticed Snorg
 22773 | Lair:5   | Killed Snorg
 23389 | Lair:5   | Reached skill level 12 in Hexes
 23849 | Lair:5   | Learned a level 4 spell: Anguish
 23870 | Lair:5   | Identified the +7 short sword "Beetle's Demise" {vorpal,
                  | +Blink Str+3 Int-5}
 24181 | Lair:5   | Reached skill level 12 in Shields
 24864 | Lair:5   | HP: 33/99 [death yak (20)]
 25388 | Lair:4   | HP: 46/99 [death yak (16)]
 25842 | Lair:5   | Noticed a dire elephant
 25889 | Lair:5   | HP: 44/99 [dire elephant (8)]
 25894 | Lair:5   | HP: 15/99 [dire elephant (31)]
 25907 | Lair:5   | Killed a dire elephant
 25908 | Lair:5   | Reached skill level 14 in Stealth
 26254 | Lair:5   | Reached XP level 15. HP: 98/103 MP: 19/22
 26813 | D:14     | HP: 44/103 [yaktaur captain (17)]
 26826 | D:14     | HP: 45/103 [yaktaur captain (2)]
 27122 | D:14     | Reached skill level 13 in Hexes
 28346 | D:14     | Reached skill level 13 in Shields
 28381 | D:14     | HP: 41/103 [fire crab] (13)]
 28650 | D:14     | Reached skill level 15 in Stealth
 29307 | D:14     | HP: 51/103 [poisoned by a meliai]
 29312 | D:14     | HP: 45/103 [poisoned by a meliai]
 29598 | D:15     | Entered Level 15 of the Dungeon
 29825 | D:15     | Noticed Kirke
 31076 | D:15     | Identified the +4 quarterstaff "Fasoes Ehiu" {flame, rElec
                  | rF- rN++ Int+3}
 31083 | D:15     | Found a huge runed gate.
 31084 | D:15     | Found a huge runed gate.
 31084 | D:15     | Found a huge runed gate.
 31085 | D:15     | Found a huge runed gate.
 31085 | D:15     | Found a huge runed gate.
 31086 | D:15     | Found a huge runed gate.
 31086 | D:15     | Found a huge runed gate.
 31087 | D:15     | Found a huge runed gate.
 31088 | D:15     | Found a huge runed gate.
 31089 | D:15     | Found a huge runed gate.
 31090 | D:15     | Found a huge runed gate.
 31091 | D:15     | Found a huge runed gate.
 31095 | D:15     | Found a huge runed gate.
 31100 | D:15     | Found a huge runed gate.
 31100 | D:15     | Found a huge runed gate.
 31100 | D:15     | Found a huge runed gate.
 31100 | D:15     | Found a huge runed gate.
 31100 | D:15     | Found a huge runed gate.
 31101 | D:15     | Found a huge runed gate.
 31102 | D:15     | Found a huge runed gate.
 31103 | D:15     | Found a huge runed gate.
 31104 | D:15     | Found a huge runed gate.
 31112 | D:15     | Found a huge runed gate.
 31112 | D:15     | Found a huge runed gate.
 31112 | D:15     | Found a huge runed gate.
 31112 | D:15     | Found a huge runed gate.
 31112 | D:15     | Found a huge runed gate.
 31112 | D:15     | Found a huge runed gate.
 31113 | D:15     | Found a huge runed gate.
 31114 | D:15     | Found a huge runed gate.
 31115 | D:15     | Found a huge runed gate.
 31123 | D:15     | Found a huge runed gate.
 31123 | D:15     | Found a huge runed gate.
 31123 | D:15     | Found a huge runed gate.
 31123 | D:15     | Found a huge runed gate.
 31123 | D:15     | Found a huge runed gate.
 31133 | D:15     | Reached skill level 16 in Stealth
 31182 | D:15     | Noticed Rupert
 31293 | D:11     | Upgraded the game from 0.30-a0-304-gdc4b735fe1 to
                  | 0.30-a0-305-g026cb31310
 31299 | D:11     | Learned a level 5 spell: Summon Mana Viper
 31436 | Snake:1  | Entered Level 1 of the Snake Pit
 31552 | Orc:1    | Entered Level 1 of the Orcish Mines
 31612 | Orc:1    | Reached skill level 14 in Hexes
 31798 | Orc:1    | Noticed Jorgrun
 31801 | Orc:1    | HP: 51/103 [constriction (6)]
 31802 | Orc:1    | Killed from afar by Jorgrun

Illustrated notes

Levels and vault maps discovered:
D:1:      nzn_arrival_depleted_hourglass, layout_basic, minmay_misc_feat_tiny
D:2:      layout_rooms, uniq_robin, uniq_natasha
D:3:      layout_loops_corners, ebering_ghost_sewer_d
D:4:      layout_rooms, mainiacjoe_overflow_small_starburst, minitemple,
          chequers_arboretum, uniq_menkaure
D:5:      layout_rooms, minmay_temple_entry_statues_pillars, serial_shops, shop,
          kennysheep_generic_room_14
D:6:      layout_loops_ring, nicolae_ossuary_entry_ruins, grunt_decor_junction
D:7:      layout_gridville, lemuel_coloured_pillars_altar, enter_bailey_2,
          uniq_maggie, uniq_crazy_yiuf_cottage
D:8:      layout_basic, dpeg_oklobed_lair
D:9:      layout_loops_ring, orc_david_3, nicolae_elevator_lobby_asterisk
D:10:     layout_irregular_city, serial_shops, nicolae_shop_waterfront
D:11:     layout_loops_ring, uniq_sonja
D:12:     minmay_firetagon, layout_grid_maze, minivault_14
D:13:     layout_loops_ring, nicolae_trove_entry_diagonal
D:14:     regret_index_combs_of_tragedy, layout_stronghold, david_vaults_2,
          portal_ice_cave_entry_ice_statue_two
D:15:     gammafunk_enter_depths_forms, layout_basic, door_vault, uniq_kirke,
          uniq_rupert
Temple:   minmay_crystal_spiral_temple
Lair:1:   layout_layer_cave, gauntlet_entry_generic
Lair:2:   gammafunk_worm_tunnel, layout_misc_corridors,
          guppyfry_snake_entry_island, forest_entry_grove,
          infiniplex_staircase_pool_2
Lair:3:   layout_cave_pods, swamp_mist
Lair:4:   layout_loops_ring, nicolae_volcano_entry_hallway, st_stairs_11,
          serial_bayou_shore_a
Lair:5:   grunt_lair_end_beastmaster, layout_layer_cave,
          nicolae_slime_entry_slimehenge, uniq_snorg
Snake:1:  layout_chambers, abandoned_shop, grunt_megastairs_4, minmay_shop_star
Orc:1:    layout_caves, uniq_jorgrun

Skill      XL: |  1  2  3  4  5  6  7  8  9 10 11 12 13 14 15 |
---------------+----------------------------------------------+-----
Stealth        | 2 3 4 5 6 7 9 11 13 14 16 | 16.0
Short Blades   | 1 2 3 4 5 7 8 |  8.1
Shields        | 2 5 7 8 10 12 13 | 13.7
Fighting       | 3 5 7 9 10 | 10.0
Dodging        | 3 5 7 9 10 | 10.0
Hexes          | 4 6 7 9 10 12 14 | 14.0
Spellcasting   | 4 5 |  5.0
Ranged Weapons | |  2.0

Action                   |  1- 3 |  4- 6 |  7- 9 | 10-12 | 13-15 || total
-------------------------+-------+-------+-------+-------+-------++-------
Melee: Unarmed           |     3 |       |       |       |       ||     3
       Tentacles         |     2 |    23 |   109 |   304 |   568 ||  1006
       Constrict         |     1 |    24 |    68 |    58 |   114 ||   265
       Dagger            |    14 |    89 |   165 |   378 |   934 ||  1580
       Short sword       |       |       |   227 |   637 |   685 ||  1549
       Punch             |       |       |     9 |    29 |    36 ||    74
 Fire: Sling             |   108 |    23 |       |       |       ||   131
Throw: Dart              |       |       |       |    17 |    11 ||    28
 Cast: Slow              |     3 |     7 |     9 |    18 |       ||    37
       Confusing Touch   |       |       |       |       |   150 ||   150
       Cause Fear        |       |       |       |       |     6 ||     6
       Anguish           |       |       |       |       |     3 ||     3
Evoke: Wand              |       |       |     7 |    14 |     6 ||    27
  Use: Potion            |       |       |     1 |       |     3 ||     4
       Scroll            |       |       |       |    14 |    10 ||    24
 Stab: Sleeping          |       |     6 |    23 |    20 |    40 ||    89
       Distracted        |       |       |     3 |     7 |    13 ||    23
       Invisible         |       |       |     1 |     1 |     5 ||     7
       Confused          |       |       |       |       |   120 ||   120
       Petrified         |       |       |       |       |     2 ||     2
       Fleeing           |       |       |       |       |     1 ||     1
Armor: Skin              |    20 |    11 |    82 |   128 |   158 ||   399
Dodge: Dodged            |    35 |    34 |   234 |   501 |   569 ||  1373
Block: Buckler           |       |       |       |   357 |   106 ||   463
       Reflection        |       |       |       |    10 |    10 ||    20
       Kite shield       |       |       |       |       |   779 ||   779

Table legend: (Time is in decaauts)
 A = Elapsed time spent in this place.
 B = Non-inter-level travel time spent in this place.
 C = Inter-level travel time spent in this place.
 D = Time resting spent in this place.
 E = Time spent auto-exploring this place.
 F = Levels seen in this place.
 G = Mean time per level.
                   A        B        C        D        E       F      G
               +--------+--------+--------+--------+--------+-----+--------+
         Total |  30842 |  28925 |   1917 |   2094 |  20214 |  26 | 1186.2 |
       Dungeon |  19162 |  17906 |   1256 |   1381 |  12497 |  15 | 1277.5 |
        Temple |    213 |    128 |     85 |      0 |    111 |   1 |  213.0 |
          Lair |  10422 |   9848 |    574 |    647 |   6970 |   5 | 2084.4 |
     Snake Pit |      1 |      1 |      0 |      0 |      0 |   1 |    1.0 |
  Orcish Mines |    236 |    236 |      0 |      0 |    160 |   1 |  236.0 |
       Ossuary |    294 |    294 |      0 |      0 |    199 |   1 |  294.0 |
        Bailey |    355 |    355 |      0 |     66 |    148 |   1 |  355.0 |
      Gauntlet |    156 |    156 |      0 |      0 |    129 |   1 |  156.0 |
               +--------+--------+--------+--------+--------+-----+--------+

Top non-repeatable levels by time:
  Lair:5: 3445 daAuts
    D:14: 2620 daAuts
  Lair:4: 2228 daAuts
    D:12: 1865 daAuts
     D:8: 1851 daAuts
  Lair:2: 1710 daAuts
    D:13: 1675 daAuts
  Lair:3: 1579 daAuts
    D:15: 1459 daAuts
  Lair:1: 1458 daAuts
     D:9: 1294 daAuts
    D:10: 1186 daAuts
    D:11: 1152 daAuts
     D:7: 1058 daAuts
     D:4: 1010 daAuts
